 Dungeon Crawl Stone Soup version 0.16-a0-3889-g45dc0c2 (webtiles) character file.

349 timbw the Chopper (level 6, 1/51 HPs)
             Began as a Ghoul Fighter on Feb 2, 2015.
             Was an Initiate of Ashenzari.
             Quit the game on level 6 of the Dungeon.
             The game lasted 00:07:56 (1436 turns).

timbw the Chopper (Ghoul Fighter)                   Turns: 1436, Time: 00:07:56

Health: 1/51       AC:  6    Str: 20    XL:     6   Next: 60%
Magic:  5/5        EV:  7    Int:  5    God:    Ashenzari [......]
Gold:   54         SH:  8    Dex:  8    Spells: 0 memorised, 5 levels left

rFire  . . .     SeeInvis .     a - +0 war axe (curse)
rCold  + . .     Clarity  .     b - +0 scale mail (curse)
rNeg   + + +     SustAb   .     c - +0 shield
rPois  ∞         Gourm    .     (no helmet)
rElec  .         Spirit   .     (no cloak)
rCorr  .         Warding  .     (no gloves)
rMut   .         Stasis   .     (no boots)
MR     .....                    (no amulet)
Stlth  ..........               (no ring)
                                (no ring)

@: rotting, not resistant to hostile enchantments, extremely unstealthy
A: rotting body, claws 1, carnivore 3, cold resistance 1, negative energy
resistance 3, poison resistance, slow healing 1, torment resistance, unbreathing
a: Renounce Religion


You were on level 6 of the Dungeon.
You worshipped Ashenzari.
Ashenzari was noncommittal.
You were not hungry.

You visited 1 branch of the dungeon, and saw 6 of its levels.
You also visited: Sewer.

You collected 54 gold pieces.

Inventory:

Hand weapons
 a - a cursed +0 war axe (weapon)
Armour
 b - a cursed +0 scale mail (worn)
 c - a +0 shield (worn)
Jewellery
 s - a cursed ring of teleportation
Magical devices
 d - a wand of lightning (6)
 w - a wand of digging (10)
Scrolls
 e - a scroll of fear {unknown}
 g - 2 scrolls of identify
 j - a scroll of noise {unknown}
 k - 2 scrolls of enchant weapon {unknown}
 m - a scroll of recharging {unknown}
 q - a scroll of curse armour
 r - 3 scrolls of curse jewellery
 t - a scroll of immolation {unknown}
 v - a scroll of fog {unknown}
 y - a scroll of remove curse
Potions
 f - a potion of heal wounds {unknown}
 h - a potion of resistance {unknown}
 i - a potion of beneficial mutation {unknown}
 l - 2 potions of agility {unknown}
 o - a potion of cancellation {unknown}
 u - 2 potions of magic {unknown}
 A - a potion of mutation {unknown}
Comestibles
 n - a slice of pizza
 p - a royal jelly
 x - 2 chunks of flesh
 z - a meat ration


   Skills:
 - Level 3.2 Fighting
 + Level 6.2 Axes
 - Level 2.6 Armour
 - Level 2.6 Shields


You had 5 spell levels left.
You didn't know any spells.

Dungeon Overview and Level Annotations

Branches:
Dungeon (6/15)             Temple (0/1) D:5

Altars:
Ashenzari

Shops:
D:5 (


Innate Abilities, Weirdness & Mutations

Your body is rotting away.
You thrive on raw meat.
You have sharp fingernails.
You are carnivorous and can eat meat at any time.
Your flesh is cold resistant.
You are immune to negative energy.
Your system is resistant to poisons.
You heal slowly when monsters are visible.
You are immune to unholy pain and torment.
You can survive without breathing.


Message History

This raw flesh tastes great!
You block the giant frog's attack. You block the giant frog's attack.
You continue eating.
You block the giant frog's attack.
You continue eating.
The giant frog hits you!
* * * LOW HITPOINT WARNING * * *
The giant frog hits you but does no damage.
Unknown command.
Read which item? (? for menu, Esc to quit)
As you read the scroll labeled PSEZUI FRYUTZ, it crumbles to dust.
It is a scroll of identify.
Identify which item? (\ to view known items) (? for menu, Esc to quit)
d - a wand of lightning (6)
The giant frog hits you.
* * * LOW HITPOINT WARNING * * *
Unknown command.
Drink which item? (? for menu, Esc to quit)
Okay, then.
Are you sure you want to abandon this character and quit the game? (Confirm with "yes".)

... .#...?...
.......... ####
#.|.......# ..#
#.........#
#.###.$.......#
#####.............#
#.@FSZ..##.......##
#..##l...#...<.....#
#.# #..............#
#. #....#.........#
. ######..$......#
.# #.......$.. ..
##.......##
##.....## #######


You could see a giant frog, an adder, a worker ant zombie and a giant gecko.

Vanquished Creatures
  The ghost of ConnectionFaild the Cudgeler, an average GrFi (Sewer)
  A giant frog (D:6)
  3 orc wizards (D:4)
  An orc priest (D:4)
  A hound (D:4)
  2 adders
  A giant mite (D:3)
  An adder skeleton (D:5)
  6 giant geckos
  10 orcs
  A bat (D:1)
  A hobgoblin (D:5)
  3 kobolds
  A ball python (Sewer)
  4 giant cockroaches
  7 giant newts
  4 goblins
  7 rats
55 creatures vanquished.

Notes
Turn   | Place    | Note
--------------------------------------------------------------
     0 | D:1      | timbw, the Ghoul Fighter, began the quest for the Orb.
     0 | D:1      | Reached XP level 1. HP: 19/19 MP: 1/1
   175 | D:1      | Reached XP level 2. HP: 18/24 MP: 2/2
   394 | D:3      | Found a shattered altar of Ashenzari.
   411 | D:3      | Became a worshipper of Ashenzari the Shackled
   634 | D:3      | Found a glowing drain.
   653 | D:3      | Reached XP level 3. HP: 23/31 MP: 3/3
   662 | Sewer    | Entered a sewer
   712 | Sewer    | Noticed ConnectionFaild's ghost (average GrFi)
   730 | Sewer    | Killed ConnectionFaild's ghost
   730 | Sewer    | Reached skill level 4 in Axes
   730 | Sewer    | Reached XP level 4. HP: 14/38 MP: 3/3
   917 | Sewer    | Reached XP level 5. HP: 40/45 MP: 4/4
  1054 | D:4      | Reached skill level 5 in Axes
  1241 | D:4      | Reached XP level 6. HP: 4/50 MP: 5/5
  1281 | D:5      | Entered Level 5 of the Dungeon
  1321 | D:5      | Found Otwotioh's Antique Weapon Emporium.
  1377 | D:5      | Found a staircase to the Ecumenical Temple.
  1424 | D:6      | Reached skill level 6 in Axes
  1435 | D:6      | HP: 1/51 [giant frog (3)]
  1436 | D:6      | Quit the game

Action                   |  1- 3 |  4- 6 || total
-------------------------+-------+-------++-------
Melee: War axe           |   100 |   140 ||   240
  Use: Scroll            |     1 |     2 ||     3
       Potion            |     2 |     3 ||     5
  Eat: Chunk             |     5 |    18 ||    23
